 Dungeon Crawl Stone Soup version 0.21.1-1-g345015f (webtiles) character file.

29417 rz the Geomancer (level 13, -32/80 HPs)
             Began as a Gargoyle Earth Elementalist on Apr 8, 2018.
             Was an Elder of Vehumet.
             Annihilated by Rupert
             ... wielding a +3 great mace of crushing
              (34 damage)
             ... on level 6 of the Lair of Beasts.
             The game lasted 00:49:02 (23093 turns).

rz the Geomancer (Gargoyle Earth Elementalist)     Turns: 23093, Time: 00:49:03

Health: -32/80     AC: 23    Str: 12    XL:     13   Next: 45%
Magic:  18/29      EV: 10    Int: 21    God:    Vehumet [****..]
Gold:   873        SH:  7    Dex:  8    Spells: 27/36 levels left

rFire    + . .     SeeInvis .   m - +7 whip "Killer Bee's Foe" {freeze, rPois MR+ Dex-2}
rCold    . . .     Gourm    .   S - +0 buckler
rNeg     + + .     Faith    .   Z - +4 scale mail
rPois    ∞         Spirit   .   k - +1 hat
rElec    +         Reflect  +   L - scarf {cloud immunity}
rCorr    .         Harm     .   (no gloves)
MR       +....                  C - +2 pair of boots of the Assassin {Detection Stab+ Stlth++}
Stlth    ++........             R - +5 amulet of reflection
HPRegen  0.23/turn              x - ring of positive energy
MPRegen  0.21/turn              t - ring of protection from fire

@: slowed, very slow
A: negative energy resistance 1, electricity resistance, unbreathing,
petrification resistance, rot immunity, AC +9
a: Renounce Religion


You were on level 6 of the Lair of Beasts.
You worshipped Vehumet.
Vehumet was greatly pleased with you.
You were not hungry.

You visited 3 branches of the dungeon, and saw 18 of its levels.

You collected 873 gold pieces.

Inventory:

Hand Weapons
 m - the +7 whip "Killer Bee's Foe" (weapon) {freeze, rPois MR+ Dex-2}
   (You found it on level 1 of the Lair of Beasts)

   It has been specially enchanted to freeze those struck by it, causing extra
   injury to most foes and up to half again as much damage against particularly
   susceptible opponents.
   It can also slow down cold-blooded creatures.
   It affects your dexterity (-2).
   It protects you from poison.
   It affects your resistance to hostile enchantments.
Missiles
 b - 191 stones (quivered)
Armour
 k - a +1 hat (worn)
 C - the +2 pair of boots of the Assassin (worn) {Detection Stab+ Stlth++}
   (You found it on level 4 of the Dungeon)

   It makes you much more stealthy.
 H - a +2 robe of positive energy
 L - a scarf of cloud immunity (worn)
 S - a +0 buckler (worn)
 T - the +8 chain mail "Wigak" {rC+}
   (You found it on level 1 of the Lair of Beasts)

   It protects you from cold.
 U - a +2 robe of cold resistance
 Z - a +4 scale mail (worn)
Jewellery
 r - an uncursed amulet of regeneration
 t - a ring of protection from fire (right hand)
 x - a ring of positive energy (left hand)
 R - a +5 amulet of reflection (around neck)
Wands
 f - a wand of acid (30)
 g - a wand of digging (13)
 w - a wand of random effects (76)
 y - a wand of flame (15)
 B - a wand of polymorph (40)
 N - a wand of iceblast (12)
 Y - a wand of disintegration (8)
Scrolls
 j - 6 scrolls of remove curse
 l - 3 scrolls of immolation {unknown}
 o - a scroll of fear
 p - 6 scrolls of magic mapping
 s - 2 scrolls of teleportation
 z - 2 scrolls of random uselessness {unknown}
 A - a scroll of vulnerability {unknown}
 F - 3 scrolls of holy word
 G - a scroll of enchant armour {unknown}
 I - 2 scrolls of silence {unknown}
 K - a scroll of blinking {unknown}
 M - a scroll of noise {unknown}
 P - a scroll of amnesia {unknown}
 Q - a scroll of summoning {unknown}
Potions
 a - 5 potions of curing
 c - 4 potions of degeneration {unknown}
 i - 3 potions of agility {unknown}
 n - 4 potions of magic {unknown}
 q - 4 potions of resistance {unknown}
 u - a potion of invisibility {unknown}
 v - 4 potions of lignification {unknown}
 D - a potion of mutation {unknown}
 E - 3 potions of flight {unknown}
 W - 2 potions of haste {unknown}
Books
 e - a book of Geomancy

   Spells                             Type                      Level
   a - Sandblast                      Earth                        1
   b - Passwall                       Transmutation/Earth          2
   c - Stone Arrow                    Conjuration/Earth            3
   d - Petrify                        Transmutation/Earth          4
   e - Lee's Rapid Deconstruction     Earth                        5
 J - a book of Changes

   Spells                             Type                      Level
   a - Beastly Appendage              Transmutation                1
   b - Sticks to Snakes               Transmutation                2
   c - Spider Form                    Transmutation/Poison         3
   d - Ice Form                       Ice/Transmutation            4
   e - Blade Hands                    Transmutation                5
 X - a book of Transfigurations

   Spells                             Type                      Level
   a - Irradiate                      Conjuration/Transmutation    5
   b - Statue Form                    Transmutation/Earth          6
   c - Hydra Form                     Transmutation                6
   d - Dragon Form                    Transmutation                7
Miscellaneous
 O - a lightning rod (4/4)
Comestibles
 d - 20 rations


   Skills:
 + Level 9.0 Fighting
 + Level 6.6 Maces & Flails
 + Level 7.1 Dodging
 - Level 2.1 Stealth
 + Level 12.4 Spellcasting
   Level 0.7 Transmutations
 - Level 14.4 Earth Magic


You had 27 spell levels left.
You knew the following spells:

 Your Spells              Type           Power        Failure   Level  Hunger
a - Sandblast             Erth           ######       1%          1    None
b - Stone Arrow           Conj/Erth      #####.       1%          3    None
c - Lee's Rapid Deconstr  Erth           ######....   1%          5    ####...


Dungeon Overview and Level Annotations

Branches:
Dungeon (11/15)            Temple (1/1) D:6            Lair (6/6) D:8
  Swamp (0/4) Lair:4       Spider (0/4) Lair:4          Orc (0/2) D:10
  Slime: Lair:5-6

Altars:
Ashenzari
Cheibriados
Dithmenos
Elyvilon
Fedhas
Gozag
Hepliaklqana
Kikubaaqudgha
Makhleb
Nemelex Xobeh
Okawaru
Qazlal
Ru
Sif Muna
Trog
Uskayaw
Vehumet
Wu Jian
Xom
Yredelemnul
Zin
The Shining One
Beogh

Annotations:
Lair:4 exclusion: 3 oklob plants
Lair:6 Kirke, Rupert


Innate Abilities, Weirdness & Mutations

You are resistant to torment.
Your stone body is resilient. (AC +9)
You are immune to poison.
You resist negative energy. (rN+)
You are resistant to electric shocks. (rElec)
You can survive without breathing.
You are immune to petrification.
You are immune to rotting.


Message History

You feel much better. You block the bullfrog's attack.
Rupert hits you with a great mace of crushing!
The bullfrog closely misses you.
The blink frog blinks!
Rupert hits you with a great mace of crushing!!
* * * LOW HITPOINT WARNING * * *
x2 You feel much better.
You block the bullfrog's attack.
The blink frog blinks!
You block the spiny frog's attack. The bullfrog closely misses you.
Rupert hits you with a great mace of crushing!!
* * * LOW HITPOINT WARNING * * *
x2 The blink frog blinks!
The spiny frog stings you but does no damage.
The bullfrog hits you.
* * * LOW HITPOINT WARNING * * *
As you read the scroll of fear, it crumbles to dust.
You assume a fearsome visage.
The blink frog looks frightened!
The bullfrog looks frightened!
The spiny frog looks frightened!
The torpor snail looks frightened!
Rupert barely misses you.
The blink frog blinks!
Rupert hits you with a great mace of crushing!!
You die...

... .. .###..
..%.≈. ##
≈≈≈...# ##.#
≈≈≈....#...#.#
≈P≈≈........#
≈≈≈≈.F.@@...#
≈≈≈≈≈.......#
≈≈≈≈≈.Fw....#
≈≈≈≈P≈......#
F≈≈≈≈§.....P#
≈≈≈≈....#....#
≈≈≈≈........##
≈≈≈§........#


You could see Rupert (berserk), a torpor snail (fleeing), 2 spiny frogs and a
bullfrog (fleeing).

Vanquished Creatures
  Fannar (Lair:1)
  6 hydras
  2 two-headed ogres
  4 death yaks (Lair:3)
  2 black mambas
  12 spiny frogs
  2 rime drakes (Lair:4)
  5 komodo dragons
  5 jumping spiders (Lair:4)
  A blink frog (Lair:5)
  Sigmund (D:6)
  7 hippogriffs
  A spriggan (D:10)
  2 wyverns
  2 redbacks (Lair:4)
  21 yaks
  2 vampire mosquitoes
  2 basilisks
  3 swamp worms (Lair:4)
  3 wargs (D:8)
  Edmund (D:6)
  7 water moccasins
  4 porcupines
  Duvessa (D:6)
  6 orc warriors
  2 black bears
  An ice beast (D:6)
  A sky beast (D:9)
  5 ogres
  A phantom (D:9)
  6 centaurs
  A necrophage (D:7)
  3 big kobolds
  6 crocodiles
  16 bullfrogs
  A gnoll sergeant (D:6)
  A water moccasin zombie (D:7)
  A wyvern skeleton (D:7)
  2 scorpions
  Dowan (D:6)
  4 killer bees (D:8)
  3 electric eels
  A howler monkey (D:9)
  6 crimson imps
  2 jellies (D:9)
  10 orc priests
  2 centaur skeletons
  8 hounds
  11 orc wizards
  A bullfrog skeleton (D:4)
  2 iguanas
  5 worker ants
  Natasha (D:2)
  A statue (D:6)
  2 hound zombies
  2 howler monkey zombies
  13 adders
  17 gnolls
  2 shadow imps
  2 oozes
  2 adder skeletons
  2 worms
  2 dart slugs (D:1)
  6 leopard geckos
  36 orcs
  4 ball pythons
  9 bats
  5 giant cockroaches
  12 goblins
  7 hobgoblins
  3 jackals (D:3)
  2 quokkas (D:3)
  14 frilled lizards
  14 kobolds
  10 rats
  2 fungi
376 creatures vanquished.

Vanquished Creatures (others)
  2 bushes (Lair:6)
  13 fungi
  37 plants
52 creatures vanquished.

Grand Total: 428 creatures vanquished

Notes
Turn   | Place    | Note
-------+----------+-------------------------------------------
     0 | D:1      | rz the Gargoyle Earth Elementalist began the quest for the Orb.
     0 | D:1      | Reached XP level 1. HP: 10/10 MP: 3/3
   379 | D:1      | Reached skill level 4 in Earth Magic
   379 | D:1      | Reached XP level 2. HP: 12/15 MP: 3/5
  1093 | D:1      | Reached XP level 3. HP: 19/19 MP: 6/6
  1098 | D:1      | Learned a level 3 spell: Stone Arrow
  1617 | D:2      | Noticed Natasha
  1624 | D:2      | Killed Natasha
  1624 | D:2      | Reached XP level 4. HP: 24/24 MP: 4/8
  1687 | D:2      | Reached skill level 5 in Earth Magic
  2534 | D:3      | Found a transporter.
  2638 | D:3      | Found a transporter.
  2698 | D:3      | Reached XP level 5. HP: 25/28 MP: 10/10
  2752 | D:3      | Learned a level 5 spell: Lee's Rapid Deconstruction
  3063 | D:3      | Noticed a centaur
  3628 | D:3      | Reached skill level 6 in Earth Magic
  3826 | D:3      | Reached XP level 6. HP: 24/32 MP: 9/12
  3976 | D:4      | Found a snail-covered altar of Cheibriados.
  4591 | D:4      | Found the +2 pair of boots of the Assassin {Detection Stab+ Stlth++}
  4679 | D:4      | Reached skill level 5 in Spellcasting
  4679 | D:4      | Reached skill level 7 in Earth Magic
  4679 | D:4      | Reached XP level 7. HP: 35/36 MP: 10/14
  5489 | D:5      | Entered Level 5 of the Dungeon
  5925 | D:5      | Reached skill level 8 in Earth Magic
  6213 | D:5      | Reached XP level 8. HP: 41/41 MP: 2/16
  7154 | D:6      | Noticed Dowan
  7155 | D:6      | Noticed Duvessa
  7158 | D:6      | Killed Dowan
  7164 | D:6      | Killed Duvessa
  7164 | D:6      | Reached skill level 9 in Earth Magic
  7182 | D:6      | Noticed Sigmund
  7462 | D:6      | Killed Sigmund
  7699 | D:6      | Found a staircase to the Ecumenical Temple.
  7709 | Temple   | Entered the Ecumenical Temple
  7827 | D:6      | Reached skill level 10 in Earth Magic
  7827 | D:6      | Reached XP level 9. HP: 45/45 MP: 6/20
  8137 | D:6      | Found a radiant altar of Vehumet.
  8146 | D:6      | Became a worshipper of Vehumet
  8267 | D:6      | Noticed Edmund
  8298 | D:6      | Killed Edmund
  9260 | D:7      | Noticed a two-headed ogre
  9271 | D:7      | Killed a two-headed ogre
  9271 | D:7      | Reached skill level 11 in Earth Magic
 10277 | D:8      | Reached * piety under Vehumet
 10277 | D:8      | Offered knowledge of Flame Tongue by Vehumet.
 10277 | D:8      | Reached XP level 10. HP: 38/50 MP: 16/23
 10539 | D:8      | Reached skill level 12 in Earth Magic
 10686 | D:8      | Found a staircase to the Lair.
 11634 | D:9      | Noticed a two-headed ogre
 11641 | D:9      | Killed a two-headed ogre
 11641 | D:9      | Reached skill level 10 in Spellcasting
 11641 | D:9      | Reached skill level 13 in Earth Magic
 11891 | D:9      | Reached skill level 1 in Fighting
 12146 | D:9      | Reached ** piety under Vehumet
 12146 | D:9      | Offered knowledge of Searing Ray by Vehumet.
 13038 | D:10     | Entered Level 10 of the Dungeon
 13219 | D:10     | Found a staircase to the Orcish Mines.
 13226 | D:10     | Reached XP level 11. HP: 59/59 MP: 14/25
 13288 | D:10     | Found a roughly hewn altar of Beogh.
 13680 | D:10     | Offered knowledge of Throw Frost by Vehumet.
 14470 | D:11     | Noticed a manticore
 14555 | Lair:1   | Entered Level 1 of the Lair of Beasts
 14555 | Lair:1   | Noticed Fannar
 14565 | Lair:1   | HP: 3/60 [ice beast[Fannar] (11)]
 14569 | Lair:1   | Killed Fannar
 14788 | Lair:1   | Noticed a four-headed hydra
 14796 | Lair:1   | Killed a four-headed hydra
 14897 | Lair:1   | Reached *** piety under Vehumet
 15059 | Lair:1   | Found a burning altar of Makhleb.
 15215 | Lair:1   | Got a blackened chain mail
 15216 | Lair:1   | Identified the +8 chain mail "Wigak" {rC+} (You found it on level 1 of the Lair of Beasts)
 15378 | Lair:1   | Got a scorched whip
 15379 | Lair:1   | Identified the +7 whip "Killer Bee's Foe" {freeze, rPois MR+ Dex-2} (You found it on level 1 of the Lair of Beasts)
 15485 | Lair:1   | Noticed an eight-headed hydra
 15500 | Lair:1   | Killed an eight-headed hydra
 15500 | Lair:1   | Reached skill level 14 in Earth Magic
 16083 | Lair:2   | Reached skill level 5 in Fighting
 16251 | Lair:2   | Reached skill level 1 in Maces & Flails
 16376 | Lair:2   | Noticed a six-headed hydra
 16479 | Lair:2   | Killed a six-headed hydra
 16678 | Lair:2   | Offered knowledge of Force Lance by Vehumet.
 16678 | Lair:2   | Reached XP level 12. HP: 69/69 MP: 4/27
 17388 | Lair:3   | Noticed a death yak
 17388 | Lair:3   | Noticed a death yak
 17388 | Lair:3   | Noticed a death yak
 17390 | Lair:3   | Noticed a death yak
 17427 | Lair:3   | Killed a death yak
 17433 | Lair:3   | Killed a death yak
 17433 | Lair:3   | Reached skill level 5 in Dodging
 18210 | Lair:3   | Killed a death yak
 18227 | Lair:3   | Killed a death yak
 19423 | Lair:4   | Noticed a seven-headed hydra
 19431 | Lair:4   | Killed a seven-headed hydra
 19541 | Lair:4   | Reached skill level 5 in Maces & Flails
 19616 | Lair:4   | Found a hole to the Spider Nest.
 19639 | Lair:4   | Reached **** piety under Vehumet
 20424 | Lair:4   | Found a staircase to the Swamp.
 20442 | Lair:4   | Reached XP level 13. HP: 57/78 MP: 14/29
 20872 | Lair:5   | Offered knowledge of Iskenderun's Mystic Blast by Vehumet.
 22356 | Lair:6   | Entered Level 6 of the Lair of Beasts
 23004 | Lair:6   | Noticed Kirke
 23082 | Lair:6   | Noticed Rupert
 23092 | Lair:6   | HP: 4/80 [Rupert/great mace of crushing (4)]
 23092 | Lair:6   | HP: 1/80 [bullfrog (3)]
 23093 | Lair:6   | Annihilated by Rupert

Skill      XL: |  1  2  3  4  5  6  7  8  9 10 11 12 13 |
---------------+----------------------------------------+-----
Earth Magic    | 4 5 6 7 8 10 11 13 14 | 14.4
Spellcasting   | 3 4 5 7 9 10 11 12 | 12.4
Fighting       | 2 5 7 9 |  9.0
Dodging        | 2 4 6 7 |  7.1
Maces & Flails | 2 5 6 |  6.6
Stealth        | |  2.1
Transmutations | |  0.7

Action                   |  1- 3 |  4- 6 |  7- 9 | 10-12 | 13-15 || total
-------------------------+-------+-------+-------+-------+-------++-------
Melee: Unarmed           |    54 |       |       |       |       ||    54
       Dagger            |    51 |   261 |   328 |   112 |       ||   752
       Whip              |       |       |       |    59 |    70 ||   129
 Cast: Sandblast         |    14 |    14 |    35 |    47 |    37 ||   147
       Stone Arrow       |     2 |     2 |    60 |   225 |    51 ||   340
       Lee's Rapid Decon |       |       |    12 |    53 |     5 ||    70
  Use: Scroll            |       |       |     3 |     8 |     1 ||    12
       Potion            |       |       |       |     3 |     2 ||     5
 Stab: Sleeping          |     4 |     5 |     8 |     2 |       ||    19
       Distracted        |       |       |     1 |       |       ||     1
  Eat: Chunk             |     2 |     7 |    17 |    33 |     6 ||    65
       Ration            |       |     1 |     2 |     2 |     1 ||     6
Armor: Robe              |    35 |   131 |   167 |    77 |       ||   410
       Scale mail        |       |       |       |    69 |    60 ||   129
Dodge: Dodged            |    89 |   210 |   240 |   141 |    65 ||   745
Block: Other             |       |       |       |    22 |       ||    22
       Buckler           |       |       |       |    29 |    51 ||    80
       Reflection        |       |       |       |     1 |       ||     1
